[Event "Fall IM-E Norm Invitational 2022"]
[Site "Charlotte"]
[Date "2022.11.22"]
[Round "9"]
[White "Alperen Kanli"]
[Black "Sila Caglar"]
[Result "1/2-1/2"]
[ECO "D35"]
[WhiteElo "2171"]
[BlackElo "2268"]
[Annotator "TA"]
[PlyCount "37"]
[EventDate "2022.11.18"]
[EventType "tourn"]
[EventCountry "USA"]
[SourceTitle "playchess.com"]
[Source "ChessBase"]
[SourceQuality "1"]
[TimeControl "5400+30"]

1. d4 d5 2. c4 e6 3. Nc3 Nf6 4. cxd5 exd5 5. Bg5 Be7 6. e3 c6 7. Bd3 h6 8. Bh4 Nbd7 9. Qc2 O-O {[%emt 0:00:10] [#] A rather calm draw. D36: Queen's Gambit Declined: Exchange Variation: Main line (5 Bg5 c6 6 Qc2).} {Predecessor:} 10. Nge2 $146 Re8 11. f3 b5 12. O-O Bb7 13. Bf2 a6 14. Bf5 c5 15. dxc5 Bxc5 16. Nd4 Bd6 17. Nce2 Ne5 18. b3 g6 19. Bh3 {½-½ (60) Wojtaszek,R (2691)-Lupulescu,C (2645) Legnica 2021} 1/2-1/2

[Event "Fall IM-E Norm Invitational 2022"]
[Site "Charlotte"]
[Date "2022.11.22"]
[Round "9"]
[White "Liam Putnam"]
[Black "Dante Beukes"]
[Result "1-0"]
[ECO "E92"]
[WhiteElo "2161"]
[BlackElo "2299"]
[Annotator "TA"]
[PlyCount "65"]
[EventDate "2022.11.18"]
[EventType "tourn"]
[EventCountry "USA"]
[SourceTitle "playchess.com"]
[Source "ChessBase"]
[SourceQuality "1"]
[TimeControl "5400+30"]

1. d4 Nf6 2. c4 d6 3. Nf3 g6 4. Nc3 Bg7 5. e4 O-O 6. Be2 e5 7. Be3 Ng4 8. Bg5 f6 9. Bc1 Nc6 {[%emt 0:02:29] 9...exd4 is not played anymore.} 10. O-O $1 {[%emt 0:00:52][%mdl 4] is more profitable than 10.d5 at the moment.} Nh6 11. dxe5 (11. d5 $5 Ne7 12. Bd2 $14) 11... fxe5 {[%emt 0:02:53] E97: King's Indian: Classical Main Line (6...e5 7 0-0 Nc6): 8 Be3 and 8 d5 Ne7, not 9 Ne1.} 12. Bg5 Qd7 13. Nd5 Kh8 {[%emt 0:01:16] The position is equal.} 14. Qd2 {[%emt 0:02:34] [#]} Nf7 $146 ({Predecessor:} 14... Ng8 15. h3 Nce7 16. Nxe7 Nxe7 17. Rad1 Nc6 18. c5 Bf6 19. cxd6 cxd6 20. Qxd6 Qxd6 21. Rxd6 Bxg5 22. Nxg5 {1-0 (36) Koridze,L (2001)-Santos,R (2170) Chess.com INT 2021}) 15. Be3 Ncd8 16. Rfd1 Ne6 {[%emt 0:02:25] Against c5} 17. Rac1 c6 18. Nc3 Qe7 19. b4 g5 20. Ne1 Nd4 21. Nc2 a5 22. bxa5 ({Avoid the trap} 22. Bxd4 $2 exd4 23. Na4 (23. Nxd4 $2 axb4 24. Nb1 Qxe4 $19) 23... axb4 $19) 22... Nxe2+ 23. Nxe2 Be6 24. Qc3 (24. Nb4 $142) 24... Nh6 (24... c5 $16) 25. Ng3 $18 Ng4 (25... Rfc8 {is a better defense.} 26. Rb1 Nf7) 26. h3 Nxe3 27. Nxe3 Qc7 28. Rb1 Rxa5 {[%emt 0:12:18] [#]} 29. Rxb7 $3 Qxb7 30. Qxa5 Ra8 31. Qd2 Rd8 (31... Bf8 32. Ngf5 Qa7 33. Nxd6 Qxa2) 32. Nef5 h6 (32... Bf6 $142 33. Nxd6 Qc7) 33. Nxd6 {[%emt 0:00:11] Weighted Error Value: White=0.08 (flawless) /Black=0.34} 1-0